 Dungeon Crawl Stone Soup version 0.18.1-50-g88ac8fd (webtiles) character file.

105 magog001 the Shield-Bearer (level 5, 0/42 HPs)
             Began as a Formicid Fighter on Nov 2, 2017.
             Slain by Terence
             ... wielding a +2 flail of venom
              (2 damage)
             ... on level 2 of the Dungeon.
             The game lasted 00:11:30 (2541 turns).

magog001 the Shield-Bearer (Formicid Fighter)       Turns: 2541, Time: 00:11:31

Health: 0/42       AC:  7    Str: 22    XL:     5   Next: 8%
Magic:  5/5        EV:  8    Int:  9    God:
Gold:   138        SH:  9    Dex: 10    Spells: 0 memorised, 4 levels left

rFire  . . .     SeeInvis +     a - +0 war axe
rCold  . . .     Gourm    .     b - +0 scale mail
rNeg   . . .     Faith    .     c - +0 shield
rPois  .         Spirit   .     (helmet unavailable)
rElec  .         Dismiss  .     (no cloak)
rCorr  .         Reflect  .     (no gloves)
SustAt .         Harm     .     (no boots)
MR     .....                    l - amulet of regeneration
Stlth  ..........               (no ring)
                                (no ring)

@: lethally poisoned (0 -> -14), not resistant to hostile enchantments,
extremely unstealthy
A: permanent stasis, dig shafts and tunnels, four strong arms, antennae 3,
clever 1
a: Dig, Shaft Self


You were on level 2 of the Dungeon.
You were not hungry.

You visited 1 branch of the dungeon, and saw 3 of its levels.

You collected 138 gold pieces.

Inventory:

Hand Weapons
 a - a +0 war axe (weapon)
 j - a +0 hunting sling
Missiles
 o - a javelin (quivered)
 r - 43 stones
Armour
 b - a +0 scale mail (worn)
 c - a +0 shield (worn)
Jewellery
 l - an amulet of regeneration (around neck)
 p - a +3 amulet of reflection
Scrolls
 e - a scroll of blinking {unknown}
 g - a scroll of fear {unknown}
 i - a scroll of random uselessness {unknown}
 k - 2 scrolls of teleportation {unknown}
 q - a scroll of enchant armour {unknown}
 t - a scroll of remove curse {unknown}
 u - a scroll of amnesia {unknown}
Potions
 d - 2 potions of might
 m - a potion of cure mutation
Comestibles
 f - a bread ration
 h - 3 chunks of flesh


   Skills:
 * Level 3.8 Fighting
 * Level 2.7 Axes
 * Level 1.0(1.1) Slings
 + Level 0.2(0.6) Throwing
 * Level 4.1 Armour
 * Level 4.4 Shields


You had 4 spell levels left.
You didn't know any spells.

Dungeon Overview and Level Annotations

Branches:
Dungeon (3/15)

Altars:
Ashenzari

Annotations:
D:2 Terence


Innate Abilities, Weirdness & Mutations

You are under a permanent stasis effect.
You can dig through walls and to a lower floor.
Your four strong arms can wield two-handed weapons with a shield.
You have a pair of large antennae on your head (SInv).
Your mind is acute. (Int +2)


Message History

You are more poisoned.
You block Terence's attack.
* * * LOW HITPOINT WARNING * * *
You feel very sick.
You climb upwards.
* * * LOW HITPOINT WARNING * * *
You feel very sick.
There is a stone staircase leading down here.
Drink which item? (? for menu, Esc to quit)
It was a potion of cure mutation.
It has a very clean taste.
* * * LOW HITPOINT WARNING * * *
You feel very sick. You block Terence's attack.
Drink which item? (? for menu, Esc to quit)
It was a potion of mutation.
You feel extremely strange.
Your natural regeneration is weakened.
You feel clever.
Your natural regeneration is strengthened.
* * * LOW HITPOINT WARNING * * *
You feel sick. Terence hits you with a flail of venom.
You die...

.# #...........# # .#####
#######.#########.# # .....#
#...............#.# # .###.#
#.#####.#######.#.####### .#
#.####.# #.# #.#........ .#
#....#.#####.# #.#.####### .#
####.#.....#.#######.#########
.######.#####....@..............÷
..........<.....@...............#
#######.#.###.#.##.#####...#####.
#........#.##.#≈.≈#...#s..#.
#....)...#.##.#≈≈≈#...#ss.#.
#.##.###.#.##.#{{m#...##s.#.
#....# #.#.##.#≈≈≈#...#.#s#.
###### #.#.#..#...#...#.#.#.
#.#.#..#≈≈≈#...#.s{#.
#.#.#..#≈≈≈#...#s#s##


You could see Terence.

Vanquished Creatures
  3 adders (D:2)
  3 worms (D:2)
  2 dart slugs (D:1)
  2 giant geckos (D:2)
  A ball python (D:2)
  5 giant cockroaches
  5 goblins
  10 hobgoblins
  7 jackals
  4 kobolds
  5 bats
  4 giant newts
  8 rats
59 creatures vanquished.

Notes
Turn   | Place    | Note
--------------------------------------------------------------
     0 | D:1      | magog001 the Formicid Fighter began the quest for the Orb.
     0 | D:1      | Reached XP level 1. HP: 18/18 MP: 1/1
    10 | D:1      | Reached XP level 2. HP: 24/24 MP: 2/2
   270 | D:1      | Reached XP level 3. HP: 28/29 MP: 3/3
   881 | D:2      | Found a shattered altar of Ashenzari.
   885 | D:2      | Saw a vision of the Shoals and the Spider Nest.
   885 | D:2      | Noticed a merfolk
   885 | D:2      | Noticed a scorpion
   885 | D:2      | Noticed a merfolk
   885 | D:2      | Noticed a wolf spider
   885 | D:2      | Noticed a redback
   885 | D:2      | Noticed a redback
   885 | D:2      | Noticed a sea snake
   885 | D:2      | Noticed a merfolk
   885 | D:2      | Noticed a wolf spider
   886 | D:2      | Noticed a redback
   886 | D:2      | Noticed a wolf spider
   887 | D:2      | Noticed a merfolk
   887 | D:2      | Noticed a redback
   888 | D:2      | Noticed a scorpion
   888 | D:2      | Noticed a scorpion
  1169 | D:2      | Reached XP level 4. HP: 31/36 MP: 4/4
  1893 | D:2      | Reached skill level 1 in Slings
  2343 | D:2      | Reached XP level 5. HP: 36/42 MP: 5/5
  2528 | D:3      | Noticed Terence
  2541 | D:2      | Gained mutation: You regenerate slowly when monsters are visible. [potion of mutation]
  2541 | D:2      | Gained mutation: Your mind is acute. (Int +2) [potion of mutation]
  2541 | D:2      | Lost mutation: You regenerate slowly when monsters are visible. [potion of mutation]
  2541 | D:2      | HP: 2/42 [poisoned by Terence]
  2541 | D:2      | Slain by Terence

Skill      XL: |  1  2  3  4 |
---------------+-------------+-----
Shields        | 4 |  4.4
Armour         | 4 |  4.1
Slings         | 1 |  1.0
Fighting       | |  3.8
Axes           | |  2.7
Throwing       | |  0.2

Action                   |  1- 3 |  4- 6 || total
-------------------------+-------+-------++-------
Melee: War axe           |    91 |    94 ||   185
Throw: Javelin           |       |     7 ||     7
  Use: Potion            |       |     2 ||     2
  Eat: Chunk             |     1 |     3 ||     4
       Meat ration       |       |     1 ||     1
Armor: Scale mail        |    43 |    42 ||    85
Dodge: Dodged            |    32 |    42 ||    74
Block: Shield            |    62 |    64 ||   126
